 Dungeon Crawl Stone Soup version 0.31-a0-174-g85c54bcb58 (webtiles) character file.

Game seed: 2450076257536382658

770 dohliylev the Chopper (level 7, 0/63 HPs)
             Began as a Minotaur Berserker on June 15, 2023.
             Was a Believer of Trog.
             Killed by divine providence
             ... invoked by an orc priest
              (12 damage)
             ... on level 4 of the Dungeon.
             The game lasted 00:03:45 (2175 turns).

dohliylev the Chopper (Minotaur Berserker)          Turns: 2175, Time: 00:03:47

Health: 0/63       AC: 13    Str: 23    XL:     7   Next: 53%
Magic:  6/6        EV:  7    Int:  4    God:    Trog [**....]
Gold:   93         SH:  0    Dex: 10    Spells: 6/6 levels left

rFire   . . .        a - +0 hand axe
rCold   . . .        (no shield)
rNeg    . . .        g - +0 plate armour
rPois   .            (helmet restricted)
rElec   .            (no cloak)
rCorr   .            b - +0 pair of gloves
SInv    .            (no boots)
Will    ++...        (no amulet) Stlth
                     (no ring)
HPRegen 1.30/turn    (no ring)
MPRegen 0.10/turn

%: no passive effects
@: strong-willed, on berserk cooldown, regenerating, slowed, very slow
A: horns 2, retaliatory headbutt
a: Renounce Religion, Berserk, Trog's Hand


You were on level 4 of the Dungeon.
You worshipped Trog.
Trog was pleased with you.
You visited 1 branch of the dungeon, and saw 5 of its levels.

You collected 93 gold pieces.

Inventory:

Hand Weapons
 a - a +0 hand axe (weapon)
Missiles
 n - 6 javelins
Armour
 b - a +0 pair of gloves (worn)
 g - a +0 plate armour (worn)
Jewellery
 h - a +4 ring of protection
 l - a ring of positive energy
Wands
 k - a wand of flame (2)
Scrolls
 c - a scroll of immolation {unknown}
 d - a scroll of vulnerability {unknown}
 f - a scroll of blinking {unknown}
 j - a scroll of summoning {unknown}
 m - a scroll of fear {unknown}
 p - a scroll of noise {unknown}
 r - 3 scrolls of enchant weapon {unknown}
 t - a scroll of teleportation {unknown}
 v - 2 scrolls of identify {unknown}
 w - a scroll of silence {unknown}
Potions
 e - a potion of might {unknown}
 i - 3 potions of heal wounds {unknown}
 o - a potion of cancellation {unknown}
 q - 2 potions of curing {unknown}
 s - a potion of degeneration {unknown}
 u - a potion of attraction {unknown}


   Skills:
 + Level 6.0 Fighting
 + Level 7.4 Axes
 + Level 5.9 Armour
 + Level 3.1 Dodging


You had 6 spell levels left.
You didn't know any spells.
Your spell library was empty.

Dungeon Overview and Level Annotations

Branches:
Dungeon (5/15)
 Temple: D:4-7

Altars:


Innate Abilities, Weirdness & Mutations

You have a pair of horns on your head.
You reflexively headbutt those who attack you in melee.


Message History

You kill the ogre!
Trog accepts your kill.
You hit Pikel. You barely miss the lemure. You closely miss the lemure.
The lemure hits you but does no damage. The orc priest closely misses you.
Pikel hits you with a +2 whip of flaming.
* * * LOW HITPOINT WARNING * * *
Pikel burns you.
* * * LOW HITPOINT WARNING * * *
The lemure hits you but does no damage.
Your Axes skill increases to level 6!
You have reached level 6!
You closely miss Pikel.
Pikel is almost dead.
You barely miss the lemure. x2
You hit Pikel.
You feel the power of Trog in you as your rage grows.
You kill Pikel!
Trog accepts your kill.
You hit the lemure. You completely miss the lemure.
With Pikel's spell broken, his former minions thank you for their freedom.
The lemure departs this earthly plane. x2
The orc priest hits you but does no damage.
Your Fighting skill increases to level 6!
Your Axes skill increases to level 7!
Your Armour skill increases to level 5!
You have reached level 7!
You slash the endoplasm!
You kill the endoplasm!
Trog accepts your kill.
The orc priest invokes the aid of Beogh against you.
Beogh smites you!
* * * LOW HITPOINT WARNING * * *
Things that are here:
a +2 whip of flaming; a +0 robe; the kobold corpse of Pikel You feel a strong urge to attack something.
You are no longer berserk.
You are exhausted.
You feel yourself slow down.
The orc priest calls down the wrath of Beogh upon you.
Beogh smites you!
You die...

..........##
..................
.................# ..
.................# #..
.................# ...
.................###.#.
...................$...
.......o))†......#.###..
.......@)..§....†.......
........§).......#####.#
.........§.......#.# #
..............<..#.###.#
........................
.................#.....#
..................>###.#
.................#.#
...........


You could see an orc priest.

Vanquished Creatures
  Pikel (D:4)
  An ogre (D:4)
  2 lemures (D:4)
  3 orc wizards
  Robin (D:2)
  2 adders (D:2)
  7 gnolls (D:2)
  2 worms
  2 dart slugs
  4 orcs
  6 endoplasms
  3 giant cockroaches
  9 goblins
  8 hobgoblins
  3 jackals (D:1)
  A quokka (D:1)
  2 ball pythons
  5 bats
  2 frilled lizards
  6 kobolds
  4 rats
74 creatures vanquished.

Notes
Turn   | Place    | Note
-------+----------+-------------------------------------------
     0 | D:1      | dohliylev the Minotaur Berserker began the quest for the
                  | Orb.
     0 | D:1      | Reached XP level 1. HP: 19/19 MP: 0/0
   103 | D:1      | Reached skill level 4 in Axes
   103 | D:1      | Reached XP level 2. HP: 27/27 MP: 1/1
   750 | D:2      | Reached XP level 3. HP: 25/33 MP: 2/2
   907 | D:2      | Noticed Robin
   917 | D:2      | Reached XP level 4. HP: 41/41 MP: 3/3
   919 | D:2      | Killed Robin
   921 | D:2      | Reached ** piety under Trog
  1166 | D:2      | Reached skill level 5 in Axes
  1175 | D:2      | Reached XP level 5. HP: 29/47 MP: 4/4
  1876 | D:3      | Reached skill level 5 in Fighting
  2122 | D:3      | You fall into a shaft and drop 2 floors!
  2122 | D:5      | Entered Level 5 of the Dungeon
  2150 | D:4      | Noticed a lemure
  2151 | D:4      | Noticed Pikel
  2151 | D:4      | Noticed a lemure
  2153 | D:4      | Noticed a lemure
  2153 | D:4      | Noticed a lemure
  2155 | D:4      | Noticed an ogre
  2164 | D:4      | Killed a lemure
  2166 | D:4      | Killed a lemure
  2170 | D:4      | Killed an ogre
  2171 | D:4      | Reached skill level 6 in Axes
  2171 | D:4      | Reached XP level 6. HP: 19/56 MP: 5/5
  2172 | D:4      | Killed Pikel
  2173 | D:4      | Reached skill level 7 in Axes
  2173 | D:4      | Reached skill level 5 in Armour
  2173 | D:4      | Reached XP level 7. HP: 24/63 MP: 6/6
  2175 | D:4      | Killed from afar by an orc priest

Illustrated notes

Levels and vault maps discovered:
D:1:      lemuel_arrival_hallway, layout_basic
D:2:      layout_loops_corners, nrook_mini_vaults, kennysheep_cross_bottleneck,
          uniq_robin
D:3:      layout_loops_ring, serial_shops, shop, serial_bayou,
          serial_bayou_crossing, serial_bayou_shore_b, serial_bayou_shore_b,
          serial_bayou_shore_a, serial_bayou_pond_a, serial_bayou_pond_a,
          uniq_natasha, uniq_terence
D:4:      layout_basic, serial_shops, nicolae_shop_window_shopping,
          gammafunk_ghost_grave, dreamdust_princess_corridor, uniq_pikel
D:5:      layout_rooms, grunt_temple_overflow_cloverleaf, minmay_between

Skill      XL: |  1  2  3  4  5  6 |
---------------+-------------------+-----
Axes           | 4 5 6 7 |  7.4
Fighting       | 4 5 6 |  6.0
Armour         | 3 4 5 |  5.9
Dodging        | 3 |  3.1

Action                     |  1- 3 |  4- 6 |  7- 9 || total
---------------------------+-------+-------+-------++-------
  Melee: Hand axe          |    57 |   111 |     1 ||   169
         Headbutt          |     8 |    14 |       ||    22
         Punch             |       |     1 |       ||     1
 Invoke: Berserk           |     1 |     1 |       ||     2
         Trog's Hand       |       |     1 |       ||     1
   Stab: Sleeping          |     1 |       |       ||     1
 Armour: Animal skin       |    10 |       |       ||    10
         Plate armour      |    25 |    82 |       ||   107
  Dodge: Dodged            |    37 |    43 |       ||    80

Table legend: (Time is in decaauts)
 A = Elapsed time spent in this place.
 B = Non-inter-level travel time spent in this place.
 C = Inter-level travel time spent in this place.
 D = Time resting spent in this place.
 E = Time spent auto-exploring this place.
 F = Levels seen in this place.
 G = Mean time per level.
                   A        B        C        D        E       F      G
               +--------+--------+--------+--------+--------+-----+--------+
         Total |   2186 |   2150 |     36 |    111 |   1558 |   5 |  437.2 |
       Dungeon |   2186 |   2150 |     36 |    111 |   1558 |   5 |  437.2 |
               +--------+--------+--------+--------+--------+-----+--------+

Top non-repeatable levels by time:
     D:2: 1123 daAuts
     D:1: 711 daAuts
     D:3: 305 daAuts
     D:4: 40 daAuts
     D:5: 5 daAuts
